 Dungeon Crawl Stone Soup version 0.27.1-1-g398f81649c (webtiles) character file.

Game seed: 3705772918110558864

114 bnorton916 the Conjurer (level 4, -3/24 HPs)
             Began as a Deep Elf Conjurer on Sept 22, 2021.
             Killed by nerve-wracking pain
             ... invoked by Grinder
              (12 damage)
             ... on level 3 of the Dungeon.
             The game lasted 00:02:36 (2808 turns).

bnorton916 the Conjurer (Deep Elf Conjurer)         Turns: 2808, Time: 00:02:37

Health: -3/24      AC:  2    Str: 10    XL:     4   Next: 66%
Magic:  7/13       EV: 12    Int: 24    God:
Gold:   112        SH:  0    Dex: 13    Spells: 10/13 levels left

rFire    . . .     SeeInvis +   (no weapon)
rCold    . . .     Faith    .   (no shield)
rNeg     . . .     Spirit   .   a - +0 robe
rPois    .         Reflect  .   (no helmet)
rElec    .         Harm     .   (no cloak)
rCorr    .         Rampage  .   (no gloves)
Will     .....                  (no boots)
Stlth    ++........             o - amulet of magic regeneration
HPRegen  0.08/turn              l - ring of see invisible
MPRegen  0.38/turn              q - +6 ring of strength

@: no status effects
A: no striking features
a: no special abilities


You were on level 3 of the Dungeon.
You visited 1 branch of the dungeon, and saw 3 of its levels.

You collected 112 gold pieces.

Inventory:

Armour
 a - a +0 robe (worn)
Jewellery
 l - a ring of see invisible (left hand)
 o - an amulet of magic regeneration (around neck)
 p - a +4 ring of slaying
 q - a +6 ring of strength (right hand)
Scrolls
 b - a scroll of noise {unknown}
 c - 2 scrolls of amnesia {unknown}
 e - 3 scrolls of teleportation {unknown}
 g - 3 scrolls of identify {unknown}
 i - a scroll of immolation {unknown}
 j - a scroll of enchant armour {unknown}
 k - a scroll of magic mapping {unknown}
 n - a scroll of fog {unknown}
Potions
 d - a potion of degeneration {unknown}
 f - a potion of brilliance {unknown}
 h - a potion of flight {unknown}
 m - a potion of haste {unknown}


   Skills:
 - Level 2.4 Dodging
 - Level 2.4 Stealth
 + Level 5.1 Spellcasting
 + Level 5.7 Conjurations


You had 10 spell levels left.
You knew the following spells:

 Your Spells              Type           Power      Damage    Failure   Level
a - Magic Dart            Conj           100%       1d8       1%          1
b - Searing Ray           Conj           66%        3d5       1%          2

Your spell library contained the following spells:

 Spells                   Type           Power      Damage    Failure   Level
 Foxfire                  Conj/Fire      76%        2x1d7     2%          1
 Summon Small Mammal      Summ           24%        N/A       9%          1
 Conjure Flame            Conj/Fire      19%        6-21      9%          3
 Dazzling Flash           Conj/Hex       38%        N/A       9%          3
 Ensorcelled Hibernation  Hex/Ice        12%        N/A       13%         2
 Call Canine Familiar     Summ           6%         N/A       26%         3
 Inner Flame              Hex/Fire       6%         N/A       26%         3
 Spider Form              Tmut/Pois      3%         N/A       26%         3
 Summon Guardian Golem    Hex/Summ       6%         N/A       26%         3
 Fulminant Prism          Conj/Hex       9%         3d7       26%         4
 Iskenderun's Mystic Bla  Conj/Tloc      19%        2d6       26%         4
 Shadow Creatures         Summ           N/A        N/A       100%        6
 Malign Gateway           Summ/Tloc      3%         N/A       100%        7
 Summon Horrible Things   Summ           3%         N/A       100%        8


Dungeon Overview and Level Annotations

Branches:
Dungeon (3/15)

Altars:
Xom
The Shining One

Annotations:
D:3 Grinder


Message History

Aiming: Magic Dart (safe; 1% risk of failure)
Press: ? - help, Shift-Dir - straight line, f/p - Grinder
Aim: Grinder (moderately wounded, 100% to hit)
The magic dart hits Grinder but does no damage.
Grinder is moderately wounded.
Grinder blinks!
Casting: Magic Dart (safe; 1% risk of failure)
Confirm with . or Enter, or press ? or * to list all spells.
Aiming: Magic Dart (safe; 1% risk of failure)
Press: ? - help, Shift-Dir - straight line, f/p - Grinder
Aim: Grinder (moderately wounded, 100% to hit)
The magic dart hits Grinder.
Grinder is moderately wounded.
Grinder closely misses you.
Casting: Magic Dart (safe; 1% risk of failure)
Confirm with . or Enter, or press ? or * to list all spells.
Aiming: Magic Dart (safe; 1% risk of failure)
Press: ? - help, Shift-Dir - straight line, f/p - Grinder
Aim: Grinder (moderately wounded, 100% to hit)
The magic dart hits Grinder.
Grinder is moderately wounded.
Grinder gestures at you. Pain shoots through your body!
Casting: Magic Dart (safe; 1% risk of failure)
Confirm with . or Enter, or press ? or * to list all spells.
Aiming: Searing Ray (safe; 1% risk of failure)
Press: ? - help, Shift-Dir - straight line, f/p - Grinder
Aim: Grinder (moderately wounded, 78% to hit)
The searing ray hits Grinder.
Grinder is heavily wounded. (Press . to maintain the ray.) Grinder hits you.
You writhe in agony.
Your magical contamination has completely faded away.
Unknown command.
The searing ray hits Grinder!
Grinder is severely wounded.
Grinder gestures at you. Pain shoots through your body!
Ouch! That really hurt!
You die...

..)............######
............#..#
.....#.....##..#
.......###.##..#
..####..##.##..#
....###.##.....#
.....##÷##.....########
.#....................#
##...####..(....@.....#
......).#........5....#
##................÷...#
......................#
##...............>....#
#.........#..........#
#.........#..........#
#.........#..........#
###########......


You could see Grinder.

Vanquished Creatures
  Jessica (D:3)
  3 adders
  A worm (D:2)
  A dart slug (D:2)
  5 endoplasms
  3 goblins
  11 hobgoblins
  3 jackals (D:1)
  4 kobolds
  5 quokkas
  8 ball pythons
  2 bats (D:1)
  A frilled lizard (D:1)
  5 rats
53 creatures vanquished.

Notes
Turn   | Place    | Note
-------+----------+-------------------------------------------
     0 | D:1      | bnorton916 the Deep Elf Conjurer began the quest for the
                  | Orb.
     0 | D:1      | Reached XP level 1. HP: 10/10 MP: 6/6
   332 | D:1      | Reached XP level 2. HP: 15/15 MP: 4/8
   411 | D:1      | Learned a level 2 spell: Searing Ray
   775 | D:1      | Found a faded altar of an unknown god.
  1203 | D:2      | Reached skill level 5 in Conjurations
  1203 | D:2      | Reached XP level 3. HP: 19/19 MP: 6/10
  1329 | D:2      | Found a shimmering altar of Xom.
  2198 | D:3      | Found a shimmering altar of Xom.
  2264 | D:3      | Reached XP level 4. HP: 24/24 MP: 7/12
  2307 | D:3      | Noticed Jessica
  2366 | D:3      | Killed Jessica
  2367 | D:3      | Reached skill level 5 in Spellcasting
  2516 | D:3      | Found a glowing golden altar of the Shining One.
  2800 | D:3      | Noticed Grinder
  2808 | D:3      | Killed from afar by Grinder

Illustrated notes

Levels and vault maps discovered:
D:1:      scummos_arrival_gate, layout_basic,
          shapermc_ecumenical_altar_totnotflames, chequers_serial_rivers_large_a
D:2:      layout_loops_corners, basic_altar
D:3:      layout_rooms, mainiacjoe_overflow_catwalk,
          mainiacjoe_overflow_brackets, minivault_26, solitary_fountain,
          uniq_jessica, uniq_grinder

Skill      XL: |  1  2  3  4 |
---------------+-------------+-----
Spellcasting   | 4 5 |  5.1
Conjurations   | 5 |  5.7
Dodging        | |  2.4
Stealth        | |  2.4

Action                   |  1- 3 |  4- 6 || total
-------------------------+-------+-------++-------
 Cast: Magic Dart        |    84 |    17 ||   101
       Searing Ray       |       |     3 ||     3
Armor: Robe              |     1 |     1 ||     2
Dodge: Dodged            |     2 |     7 ||     9
